 Dungeon Crawl Stone Soup version 0.29.1-1-gd02db6906a (webtiles) character file.

Game seed: 8442177079108998131

21758 jamesp the Martial Artist (level 12, -9/97 HPs)
             Began as a Gnoll Wanderer on Oct 7, 2022.
             Was a Believer of Ashenzari.
             Killed by the air
             ... invoked by Gastronok
              (35 damage)
             ... on level 9 of the Dungeon.
             The game lasted 00:40:35 (10056 turns).

jamesp the Martial Artist (Gnoll Wanderer)         Turns: 10056, Time: 00:40:36

Health: -9/97      AC: 16    Str: 11    XL:     12   Next: 93%
Magic:  0/34       EV: 15    Int: 19    God:    Ashenzari [**....]
Gold:   549        SH:  7    Dex: 16    Spells: 24/29 levels left

rFire   x . .      SeeInvis +   v - +2 hand axe (vorpal)
rCold   + . .      Faith    .   B - +0 buckler of Ashenzari's Fetters {Self, Fort} (curse)
rNeg    . . .      Spirit   +   F - +5 ring mail of Curses and Power {rPois rCorr, Alch, Evo} (curse)
rPois   +          Reflect  .   (no helmet)
rElec   .          Harm     .   z - +1 cloak "Enamyuf" {Will- Regen+ rCorr MP+9}
rCorr   +          Rampage  .   (no gloves)
Will    .....                   s - +0 pair of boots "Elysian Dogma" {Cun, Fort} (curse)
Stlth   ++++......              I - amulet of guardian spirit
HPRegen 1.06/turn               E - ring of ice
MPRegen 0.24/turn               L - ring of Ashenzari's Jealousy {Int+6, Comp, Bglg} (curse)

@: slowed, very slow
A: fangs 1, strong nose, distributed training
a: Renounce Religion, Shatter the Chains


You were on level 9 of the Dungeon.
You worshipped Ashenzari.
Ashenzari was pleased with you.
You visited 3 branches of the dungeon, and saw 11 of its levels.
You also visited: Bailey and Ice Cave.

You collected 629 gold pieces.
You spent 80 gold pieces at shops.

Inventory:

Hand Weapons
 v - a +2 vorpal hand axe (weapon)
 Q - a +2 sling of freezing
Missiles
 a - a curare-tipped dart
 i - 103 stones
 j - 16 boomerangs (quivered)
 o - 19 poisoned darts
 u - 6 javelins
 T - 3 atropa-tipped darts
Armour
 s - the cursed +0 pair of boots "Elysian Dogma" (worn) {Cun, Fort}
   (You found it on level 2 of the Dungeon)

   It has a curse which improves the following skills: Cunning: Dodging and
   Stealth.
   Fortitude: Armour and Shields.
 z - the +1 cloak "Enamyuf" (worn) {Will- Regen+ rCorr MP+9}
   (You found it on level 4 of the Dungeon)

   MP:        It affects your magic capacity (+9).
   Regen:     It increases your rate of health regeneration.
   rCorr:     It protects you from acid and corrosion.
   Will:      It decreases your willpower.
 B - the cursed +0 buckler of Ashenzari's Fetters (worn) {Self, Fort}
   (You took it off a gnoll sergeant on level 6 of the Dungeon)

   It has a curse which improves the following skills: Introspection: Fighting
   and Spellcasting.
   Fortitude: Armour and Shields.
 F - the cursed +5 ring mail of Curses and Power (worn) {rPois rCorr, Alch, Evo}
   (You took it off a gnoll on level 6 of the Dungeon)

   rPois:     It protects you from poison.
   rCorr:     It protects you from acid and corrosion.
   It has a curse which improves the following skills: Alchemy: Poison Magic and
   Transmutations.
   Evocations: Evocations.
 J - +1 swamp dragon scales
Jewellery
 r - a +4 ring of protection
 E - a ring of ice (left hand)
 G - an amulet of magic regeneration
 I - an amulet of guardian spirit (around neck)
 L - the cursed ring of Ashenzari's Jealousy (right hand) {Int+6, Comp, Bglg}
   (You found it on level 8 of the Dungeon)

   [ring of intelligence]

   Int:       It affects your intelligence (+6).
   It has a curse which improves the following skills: Companions: Summonings
   and Necromancy.
   Beguiling: Conjurations, Hexes and Translocations.
 M - a ring of protection from cold
Wands
 R - a wand of light (1)
Scrolls
 b - a scroll of brand weapon
 e - a scroll of blinking
 t - 2 scrolls of teleportation
 w - 2 scrolls of enchant weapon
 A - 4 scrolls of amnesia
 P - a scroll of enchant armour
Potions
 h - 2 potions of invisibility
 p - a potion of cancellation
 D - a potion of brilliance
 H - a potion of haste
 O - a potion of magic
Miscellaneous
 K - a tin of tremorstones (inert)


   Skills:
 + Level 8.4(9.7) Fighting
 + Level 7.9 Short Blades
 + Level 10.3 Long Blades
 + Level 7.9 Axes
 + Level 7.9 Maces & Flails
 + Level 7.9 Polearms
 + Level 7.9 Staves
 + Level 7.9 Ranged Weapons
 + Level 7.9 Throwing
 + Level 8.4(10.3) Armour
 + Level 9.2(10.5) Dodging
 + Level 7.9(9.2) Stealth
 + Level 7.9(9.9) Shields
 + Level 10.3 Unarmed Combat
 + Level 7.9(9.2) Spellcasting
 + Level 6.6(7.9) Conjurations
 + Level 6.6(7.9) Hexes
 + Level 6.6(7.9) Summonings
 + Level 6.6(7.9) Necromancy
 + Level 6.6(7.9) Translocations
 + Level 6.6(7.9) Transmutations
 + Level 6.6 Fire Magic
 + Level 6.6 Ice Magic
 + Level 6.6 Air Magic
 + Level 6.6 Earth Magic
 + Level 6.6(7.9) Poison Magic
 + Level 8.7 Invocations
 + Level 7.9(9.2) Evocations


You had 24 spell levels left.
You knew the following spells:

 Your Spells              Type           Power      Damage    Failure   Level
a - Poisonous Vapours     Pois/Air       72%        N/A       1%          2
b - Stone Arrow           Conj/Erth      72%        3d11      3%          3

Your spell library contained the following spells:

 Spells                   Type           Power      Damage    Failure   Level
 Sandblast                Erth           66%        2d15      1%          1
 Shock                    Conj/Air       100%       1d9       1%          1
 Sting                    Tmut/Pois      100%       1d8       1%          1
 Passwall                 Tmut/Erth      30%        N/A       1%          2
 Gell's Gravitas          Tloc           38%        N/A       2%          3
 Lesser Beckoning         Tloc           38%        N/A       2%          3
 Teleport Other           Tloc           38%        N/A       2%          3
 Swiftness                Air            33%        N/A       3%          3
 Olgreb's Toxic Radiance  Pois           38%        N/A       8%          4
 Airstrike                Air            16%        2d(3-19)  13%         4


Dungeon Overview and Level Annotations

Branches:
Dungeon (9/15)             Temple (1/1) D:6            Lair (1/5) D:8
 Bailey (visited)           IceCv (visited)
    Orc: D:9-12

Altars:
Ashenzari
Cheibriados
Dithmenos
Elyvilon
Fedhas
Gozag
Hepliaklqana
Kikubaaqudgha
Makhleb
Nemelex Xobeh
Okawaru
Qazlal
Ru
Sif Muna
Trog
Uskayaw
Vehumet
Wu Jian
Xom
Yredelemnul
Zin
The Shining One

Shops:
D:6 !

Annotations:
D:9 Gastronok


Innate Abilities, Weirdness & Mutations

You have very sharp teeth.
Your uncanny sense of smell can sniff out nearby items.
Your experience applies equally to all skills.


Message History

Gastronok is heavily wounded.
Gastronok barely misses you.
You slash Gastronok! You bite Gastronok, but do no damage.
Gastronok is heavily wounded.
You hit Gastronok but do no damage.
Gastronok is heavily wounded.
Your hearing returns.
You block Gastronok's attack.
You hit Gastronok. Your bite misses Gastronok.
Gastronok is heavily wounded.
You hit Gastronok.
Gastronok is severely wounded.
You slash Gastronok!
Gastronok is severely wounded.
You block Gastronok's attack.
You hit Gastronok.
Gastronok is severely wounded.
You hit Gastronok. You bite Gastronok, but do no damage.
Gastronok is severely wounded.
Gastronok looks at you while chanting.
You feel yourself slow down.
You hit Gastronok but do no damage. You bite Gastronok, but do no damage.
Gastronok is severely wounded.
Gastronok bites you!!
* * * LOW HITPOINT WARNING * * *
You hit Gastronok.
Gastronok is severely wounded.
You hit Gastronok.
Gastronok is almost dead.
You block Gastronok's attack.
You hit Gastronok.
Gastronok is almost dead.
Gastronok bites you!!
* * * LOW HITPOINT WARNING * * *
You feel better.
You feel better.
Gastronok makes a strange noise.
Gastronok waves his eye-stalks in wide circles.
The air twists around and strikes you!!!
You die...

#.# #.# * * #.#
####.## * * ##+##
#.....# ##...##
#.##..# * ##....>##
#.##..#
##.......#####..#..#
*
*#.........##.......#
,
,+.........'........#
#...w@....##.#...#.#
*
##.......###.#.....#
* ##.....## #.#######
##...## #.# * ##+##
#.# , #.# * ** , #.#
* * * #.# , , ,


You could see Gastronok.

Vanquished Creatures
  2 quicksilver oozes (IceCv)
  A manticore (D:8)
  3 ice statues (IceCv)
  Joseph (D:7)
  A cane toad (Lair:1)
  Maggie (D:7)
  14 slime creatures
  Sigmund (D:5)
  A wyvern (D:6)
  6 yaks (D:8)
  A steam dragon (D:8)
  Menkaure (D:7)
  4 water moccasins
  An ice beast (D:5)
  2 sky beasts
  A black bear (D:8)
  15 orc warriors
  4 great orb of eyes simulacra (IceCv)
  3 centaurs
  2 ogres
  3 phantoms
  3 kobold brigands
  A slime creature simulacrum (IceCv)
  2 bullfrogs (D:8)
  2 gnoll sergeants (D:6)
  2 scorpions
  3 glowing shapeshifter simulacra (IceCv)
  A necrophage (D:5)
  A cane toad simulacrum (Lair:1)
  5 wights (D:8)
  An elephant simulacrum (Lair:1)
  4 howler monkeys
  A gnoll bouda (D:6)
  5 hounds
  2 orc priests (D:5)
  3 jellies
  An iguana (D:6)
  3 orc wizards (D:8)
  A shapeshifter simulacrum (IceCv)
  5 adders
  15 gnolls
  2 shadow imps (D:6)
  A white imp (D:8)
  An ufetubus (D:5)
  2 worms
  3 dart slugs
  35 orcs
  6 endoplasms
  6 giant cockroaches
  19 goblins
  21 hobgoblins
  3 ball pythons
  4 bats
  4 frilled lizards
  13 kobolds
  8 rats
257 creatures vanquished.

Vanquished Creatures (collateral kills)
  An azure jelly (IceCv)
  A quicksilver ooze (IceCv)
2 creatures vanquished.

Vanquished Creatures (others)
  An orc wizard (D:6)
  41 fungi (D:6)
  A plant (Lair:1)
43 creatures vanquished.

Grand Total: 302 creatures vanquished

Notes
Turn   | Place    | Note
-------+----------+-------------------------------------------
     0 | D:1      | jamesp the Gnoll Wanderer began the quest for the Orb.
     0 | D:1      | jamesp set off with the following items: a +0 falchion, a
                  | potion of heal wounds, a scroll of summoning, a +0 cloak, a
                  | scroll of blinking, a +0 leather armour.
     0 | D:1      | Reached XP level 1. HP: 17/17 MP: 1/1
   173 | D:1      | Reached XP level 2. HP: 17/23 MP: 2/2
   364 | D:1      | You fall into a shaft and drop 1 floor!
   563 | D:2      | Reached XP level 3. HP: 25/28 MP: 3/3
   792 | D:2      | Reached skill level 1 in Invocations
   849 | D:1      | Found a faded altar of an unknown god.
  1374 | D:2      | Reached skill level 1 in Short Blades
  1374 | D:2      | Reached skill level 1 in Axes
  1374 | D:2      | Reached skill level 1 in Maces & Flails
  1374 | D:2      | Reached skill level 1 in Polearms
  1374 | D:2      | Reached skill level 1 in Staves
  1374 | D:2      | Reached skill level 1 in Ranged Weapons
  1374 | D:2      | Reached skill level 1 in Throwing
  1374 | D:2      | Reached skill level 1 in Stealth
  1374 | D:2      | Reached skill level 1 in Shields
  1374 | D:2      | Reached skill level 1 in Spellcasting
  1374 | D:2      | Reached skill level 1 in Evocations
  1747 | D:3      | Reached XP level 4. HP: 32/34 MP: 5/5
  2231 | D:3      | Reached skill level 1 in Conjurations
  2231 | D:3      | Reached skill level 1 in Hexes
  2231 | D:3      | Reached skill level 1 in Summonings
  2231 | D:3      | Reached skill level 1 in Necromancy
  2231 | D:3      | Reached skill level 1 in Translocations
  2231 | D:3      | Reached skill level 1 in Transmutations
  2231 | D:3      | Reached skill level 1 in Fire Magic
  2231 | D:3      | Reached skill level 1 in Ice Magic
  2231 | D:3      | Reached skill level 1 in Air Magic
  2231 | D:3      | Reached skill level 1 in Earth Magic
  2231 | D:3      | Reached skill level 1 in Poison Magic
  2355 | D:4      | Identified the +1 cloak "Enamyuf" {Will- Regen+ rCorr MP+9}
  3042 | D:5      | Entered Level 5 of the Dungeon
  3063 | D:5      | Noticed an ice beast
  3088 | D:4      | Reached XP level 5. HP: 41/41 MP: 7/7
  3149 | D:5      | Noticed a centaur
  3159 | D:5      | Killed a centaur
  3162 | D:5      | Reached XP level 6. HP: 47/47 MP: 8/8
  3168 | D:5      | Found a radiant altar of Vehumet.
  3173 | D:5      | Noticed Sigmund
  3216 | D:5      | Reached skill level 5 in Dodging
  3251 | D:5      | Killed Sigmund
  3252 | D:5      | Reached XP level 7. HP: 41/52 MP: 10/10
  3541 | D:5      | Reached XP level 8. HP: 51/60 MP: 12/12
  3728 | D:6      | Found Ixtuaf's Distillery.
  3894 | D:6      | Found a staircase to the Ecumenical Temple.
  4071 | Temple   | Entered the Ecumenical Temple
  4110 | Temple   | Became a worshipper of Ashenzari the Shackled
  4367 | D:6      | Noticed a wyvern
  4385 | D:6      | Killed a wyvern
  4386 | D:6      | Bought a potion of might for 40 gold pieces
  4386 | D:6      | Bought a potion of brilliance for 40 gold pieces
  4427 | D:6      | Identified the +5 ring mail "Ajeickeo" {rPois rCorr}
  4821 | D:6      | Found an ornate altar of the Wu Jian Council.
  4833 | D:6      | Reached XP level 9. HP: 66/66 MP: 14/14
  4870 | D:6      | Found a white marble altar of Elyvilon.
  5001 | D:6      | Found a sacrificial altar of Ru.
  5239 | D:7      | Reached skill level 5 in Fighting
  5239 | D:7      | Reached skill level 5 in Armour
  5316 | D:7      | Found a hazy altar of Hepliaklqana.
  5335 | D:7      | Found a snail-covered altar of Cheibriados.
  5473 | D:7      | Reached skill level 5 in Invocations
  5486 | D:7      | Noticed Joseph
  5518 | D:7      | Killed Joseph
  5611 | D:7      | Found a hide-covered altar of Uskayaw.
  5688 | D:7      | Noticed Maggie
  5720 | D:7      | Killed Maggie
  5801 | D:7      | Reached * piety under Ashenzari
  6001 | D:7      | Noticed Menkaure
  6010 | D:7      | Killed Menkaure
  6157 | D:8      | Reached skill level 5 in Short Blades
  6157 | D:8      | Reached skill level 5 in Axes
  6157 | D:8      | Reached skill level 5 in Maces & Flails
  6157 | D:8      | Reached skill level 5 in Polearms
  6157 | D:8      | Reached skill level 5 in Staves
  6157 | D:8      | Reached skill level 5 in Ranged Weapons
  6157 | D:8      | Reached skill level 5 in Throwing
  6157 | D:8      | Reached skill level 5 in Stealth
  6157 | D:8      | Reached skill level 5 in Shields
  6157 | D:8      | Reached skill level 5 in Spellcasting
  6157 | D:8      | Reached skill level 5 in Evocations
  6157 | D:8      | Reached XP level 10. HP: 49/77 MP: 16/18
  6194 | D:8      | Found a glowing silver altar of Zin.
  6307 | D:8      | Reached ** piety under Ashenzari
  6316 | D:8      | Noticed a manticore
  6448 | D:8      | Killed a manticore
  6523 | D:8      | Found a flagged portal.
  6528 | D:8      | Found a staircase to the Lair.
  6582 | Bailey   | Entered a bailey
  6586 | Bailey   | Learned a level 2 spell: Poisonous Vapours
  6946 | Bailey   | Reached skill level 5 in Conjurations
  6946 | Bailey   | Reached skill level 5 in Hexes
  6946 | Bailey   | Reached skill level 5 in Summonings
  6946 | Bailey   | Reached skill level 5 in Necromancy
  6946 | Bailey   | Reached skill level 5 in Translocations
  6946 | Bailey   | Reached skill level 5 in Transmutations
  6946 | Bailey   | Reached skill level 5 in Fire Magic
  6946 | Bailey   | Reached skill level 5 in Ice Magic
  6946 | Bailey   | Reached skill level 5 in Air Magic
  6946 | Bailey   | Reached skill level 5 in Earth Magic
  6946 | Bailey   | Reached skill level 5 in Poison Magic
  7008 | Bailey   | Noticed an orc warlord
  7024 | Bailey   | Learned a level 3 spell: Stone Arrow
  7040 | Bailey   | Reached XP level 11. HP: 86/86 MP: 21/21
  7362 | D:8      | Found a stormy altar of Qazlal.
  7488 | D:8      | Found a bloodstained altar of Trog.
  7614 | Lair:1   | Entered Level 1 of the Lair of Beasts
  7614 | Lair:1   | Found a frozen archway.
  7646 | IceCv    | Entered an ice cave
  7658 | IceCv    | Reached XP level 12. HP: 28/94 MP: 7/24
  7883 | IceCv    | Noticed a quicksilver ooze
  7888 | IceCv    | Killed a quicksilver ooze
  8351 | IceCv    | Reached skill level 10 in Long Blades
  8351 | IceCv    | Reached skill level 10 in Unarmed Combat
  8700 | IceCv    | Noticed a quicksilver ooze
  8722 | IceCv    | Killed a quicksilver ooze
  9203 | IceCv    | Noticed a quicksilver ooze
  9205 | IceCv    | Noticed an azure jelly
  9216 | IceCv    | Killed a quicksilver ooze
  9217 | IceCv    | Killed an azure jelly
  9691 | IceCv    | HP: 4/96 [titanic slime creature (43)]
  9873 | D:8      | Found a shimmering altar of Xom.
  9892 | D:8      | Found a shimmering blue altar of Sif Muna.
 10013 | D:9      | Noticed Gastronok
 10056 | D:9      | Killed from afar by Gastronok

Illustrated notes

Levels and vault maps discovered:
D:1:      amcnicky_arrival_double_pillar, layout_loops_ring,
          basic_ecumenical_altar, feat_on_display
D:2:      cheibrodos_helix_gallery, layout_loops_ring,
          amcnicky_mini_rare_corridor_liquid
D:3:      layout_basic, minmay_misc_feat_plants
D:4:      layout_cave_pods
D:5:      layout_basic, mainiacjoe_overflow_boulevard, uniq_sigmund
D:6:      layout_basic, mainiacjoe_overflow_catch_the_wave,
          nicolae_wu_jian_wuxing_cycle, minmay_temple_entry_purple_smoke,
          serial_shops, nicolae_inconvenience_store
D:7:      layout_cave_pods, kennysheep_mini_moat, overflow_temple_1_default,
          nicolae_uskayaw_murder_on_the_dancefloor, uniq_menkaure, uniq_joseph,
          uniq_maggie
D:8:      minmay_clustersquares, layout_basic,
          nicolae_overflow_quartered_altars, lemuel_coloured_pillars_altar,
          lair_entry_dummy, serial_corexii_hall, chequers_hall_statues_wall_a,
          chequers_hall_statues_y, enter_bailey_5, nrook_campfire,
          nrook_mini_vaults
D:9:      layout_loops_corners, uniq_grum, uniq_gastronok
Temple:   jpeg_temple_alley_garden
Lair:1:   layout_chaotic_city, portal_ice_cave_entry_ice_simulacra,
          grunt_megastairs_5

Skill      XL: |  1  2  3  4  5  6  7  8  9 10 11 12 |
---------------+-------------------------------------+-----
Invocations    | 1 2 3 4 5 6 7 8 |  8.7
Short Blades   | 1 2 3 5 6 7 |  7.9
Axes           | 1 2 3 5 6 7 |  7.9
Maces & Flails | 1 2 3 5 6 7 |  7.9
Polearms       | 1 2 3 5 6 7 |  7.9
Staves         | 1 2 3 5 6 7 |  7.9
Ranged Weapons | 1 2 3 5 6 7 |  7.9
Throwing       | 1 2 3 5 6 7 |  7.9
Stealth        | 1 2 3 5 6 7 |  7.9
Shields        | 1 2 3 5 6 7 |  7.9
Spellcasting   | 1 2 3 5 6 7 |  7.9
Evocations     | 1 2 3 5 6 7 |  7.9
Conjurations   | 1 2 3 4 5 6 |  6.6
Hexes          | 1 2 3 4 5 6 |  6.6
Summonings     | 1 2 3 4 5 6 |  6.6
Necromancy     | 1 2 3 4 5 6 |  6.6
Translocations | 1 2 3 4 5 6 |  6.6
Transmutations | 1 2 3 4 5 6 |  6.6
Fire Magic     | 1 2 3 4 5 6 |  6.6
Ice Magic      | 1 2 3 4 5 6 |  6.6
Air Magic      | 1 2 3 4 5 6 |  6.6
Earth Magic    | 1 2 3 4 5 6 |  6.6
Poison Magic   | 1 2 3 4 5 6 |  6.6
Fighting       | 3 4 5 6 7 8 |  8.4
Armour         | 3 4 5 6 7 8 |  8.4
Dodging        | 5 6 7 8 9 |  9.2
Long Blades    | 7 8 9 10 | 10.3
Unarmed Combat | 7 8 9 10 | 10.3

Action                   |  1- 3 |  4- 6 |  7- 9 | 10-12 || total
-------------------------+-------+-------+-------+-------++-------
Melee: Falchion          |   110 |     5 |       |       ||   115
       Punch             |     7 |     3 |    11 |       ||    21
       Bite              |     8 |    10 |    67 |    94 ||   179
       Hand axe          |       |    91 |   415 |   588 ||  1094
Throw: Stone             |       |       |     4 |     8 ||    12
       Boomerang         |       |       |       |    27 ||    27
 Cast: Poisonous Vapours |       |       |       |     8 ||     8
       Stone Arrow       |       |       |       |    59 ||    59
Invok: Curse Item        |       |       |     2 |     2 ||     4
Evoke: Tin of tremorston |       |       |       |     3 ||     3
       Wand              |       |       |       |     6 ||     6
  Use: Scroll            |       |     5 |     1 |     3 ||     9
       Potion            |       |       |     3 |     7 ||    10
 Stab: Sleeping          |     3 |     2 |     1 |     2 ||     8
       Distracted        |       |     1 |       |       ||     1
Armor: Leather armour    |    36 |    64 |   104 |       ||   204
       Ring mail         |       |       |   102 |   252 ||   354
Dodge: Dodged            |    59 |    75 |   306 |   409 ||   849
Block: Buckler           |       |       |    56 |   219 ||   275
